 Dungeon Crawl Stone Soup version 0.18.1-50-g88ac8fd (webtiles) character file.

8679 magog001 the Cleaver (level 11, 0/99 HPs)
             Began as a Minotaur Fighter on Sept 9, 2018.
             Was a Believer of Nemelex Xobeh.
             Killed from afar by an orc wizard (10 damage)
             ... with a magic dart
             ... on level 10 of the Dungeon on Sept 10, 2018.
             The game lasted 00:55:05 (10886 turns).

magog001 the Cleaver (Minotaur Fighter)            Turns: 10886, Time: 00:55:06

Health: 0/99       AC: 20    Str: 23    XL:     11   Next: 13%
Magic:  10/10      EV:  7    Int:  5    God:    Nemelex Xobeh [**....]
Gold:   579        SH: 12    Dex: 13    Spells: 0 memorised, 10 levels left

rFire  . . .     SeeInvis .     a - +1 war axe
rCold  . . .     Gourm    .     p - +0 chain mail
rNeg   . . .     Faith    .     c - +0 shield
rPois  .         Spirit   .     (helmet unavailable)
rElec  .         Dismiss  .     (no cloak)
rCorr  .         Reflect  .     d - +2 pair of gloves
SustAt .         Harm     .     K - +2 pair of boots
MR     .....                    l - amulet of magic regeneration
Stlth  ..........               (no ring)
                                u - +2 ring of dexterity

@: very slightly contaminated, hasted, drained, very quick, not resistant to
hostile enchantments, extremely unstealthy
A: retaliatory headbutt, horns 3, yellow scales 1
a: Renounce Religion


You were on level 10 of the Dungeon.
You worshipped Nemelex Xobeh.
Nemelex Xobeh was pleased with you.
You were not hungry.

You visited 2 branches of the dungeon, and saw 12 of its levels.
You also visited: Ossuary.

You collected 611 gold pieces.
You spent 32 gold pieces at shops.

Inventory:

Hand Weapons
 a - a +1 war axe (weapon)
 s - a +0 hunting sling
Missiles
 b - 22 tomahawks (quivered)
 q - 126 sling bullets
 y - 6 javelins
Armour
 c - a +0 shield (worn)
 d - a +2 pair of gloves (worn)
 p - a +0 chain mail (worn)
 K - a +2 pair of boots (worn)
Jewellery
 l - an amulet of magic regeneration (around neck)
 t - an uncursed ring of see invisible
 u - a +2 ring of dexterity (left hand)
 D - an uncursed ring of magical power
 G - the ring "Efiff" {-Tele rPois rN+ MP+9 Int+3}
   (You found it on level 6 of the Dungeon)

   [ring of magical power]

   It affects your intelligence (+3).
   It protects you from poison.
   It protects you from negative energy.
   It affects your magic capacity (+9).
   It prevents most forms of teleportation.
Wands
 x - a wand of random effects (30/48)
 I - a wand of digging (9/24)
 J - a wand of hasting (2/9)
Scrolls
 e - 4 scrolls of remove curse
 j - 5 scrolls of identify
 m - 5 scrolls of blinking
 r - 3 scrolls of recharging
 v - 3 scrolls of teleportation
 w - a scroll of enchant weapon
 A - 2 scrolls of magic mapping
 C - a scroll of enchant armour
 F - a scroll of fog
Potions
 k - a potion of brilliance
 B - 4 potions of might
 E - a potion of haste
 L - a potion of agility
Miscellaneous
 i - an ornate deck of war {drawn: 1}
 M - an ornate deck of destruction {drawn: 3}
Comestibles
 f - 9 bread rations
 g - 10 beef jerkies
 n - a meat ration
 o - 7 slices of pizza
 H - 5 fruits


   Skills:
 * Level 10.0(9.1) Fighting
 * Level 11.4(10.5) Axes
 + Level 1.0(0.3) Throwing
 * Level 10.0(9.1) Armour
 - Level 1.2(0.5) Dodging
 + Level 1.5(0.9) Stealth
 * Level 11.3(10.5) Shields
 + Level 0.5(0.0) Evocations


You had 10 spell levels left.
You didn't know any spells.

Dungeon Overview and Level Annotations

Branches:
Dungeon (11/15)            Temple (1/1) D:7            Lair (0/8) D:8
    Orc (0/2) D:10

Altars:
Ashenzari
Cheibriados
Dithmenos
Elyvilon
Fedhas
Gozag
Kikubaaqudgha
Makhleb
Nemelex Xobeh
Pakellas
Ru
Sif Muna
Trog
Vehumet
Xom
Yredelemnul
Zin
The Shining One
Beogh

Shops:
D:4 %


Innate Abilities, Weirdness & Mutations

You reflexively headbutt those who attack you in melee.
You have a pair of large horns on your head.
You are partially covered in yellow scales (AC +2).


Message History

Maud dies!
Your base Fighting skill increases to level 10!
Your base Throwing skill increases to level 1!
Your base Armour skill increases to level 10!
You see here 19 stones.
You swap places.
A jelly comes into view.
Your water elemental disappears in a puff of smoke!
A puff of flame appears from out of thin air!
The puff of flame hits you!
* * * LOW HITPOINT WARNING * * *
You hear some strange, mumbled words.
A puff of frost appears from out of thin air!
The puff of frost hits you!
* * * LOW HITPOINT WARNING * * *
You hear some strange, mumbled words.
A magic dart appears from out of thin air!
The magic dart hits you!
You die...
Your body glows slightly and disappears.

#..####.###
#..# #.#
#.#####.#
#.# #...#
#.# #.#####
#.# #...≈§#
#.# #####§#
#.# #@# #.#
#o# #J# #)#
#.# ..[ #..
... ######.#
#####
#...##.#####


You could see a jelly and an orc.

Vanquished Creatures
  Pikel (D:7)
  A manticore (D:10)
  Psyche (D:9)
  2 polar bears (D:8)
  Prince Ribbit (D:7)
  Sigmund (D:4)
  6 orc warriors
  A hog (D:7)
  A yak (D:8)
  A human (D:7)
  Edmund (D:4)
  Duvessa (D:7)
  A big kobold (D:9)
  5 ice beasts
  A sky beast (D:6)
  The ghost of magog001 the Shield-Bearer, an amateur HOFi (D:3)
  A necrophage (D:6)
  7 ogres
  2 phantoms
  2 centaurs
  A crocodile (D:10)
  3 elf zombies
  An elf skeleton (D:8)
  Dowan (D:7)
  2 giant frogs (D:7)
  A wyvern skeleton (D:9)
  5 killer bees (D:7)
  2 electric eels (D:8)
  5 howler monkeys
  2 crimson imps
  3 hounds
  A human zombie (D:8)
  2 centaur zombies (Ossuary)
  12 orc priests
  2 gnoll shamans
  A giant frog skeleton (D:7)
  4 iguanas
  A centaur skeleton (D:9)
  6 orc wizards
  A worker ant (D:8)
  2 killer bee zombies
  3 ogre zombies (Ossuary)
  3 sheep (D:7)
  A wasp simulacrum (D:8)
  A hound zombie (D:6)
  7 mummies (Ossuary)
  A worker ant zombie (D:5)
  Robin (D:4)
  8 gnolls
  9 adders
  9 shadow imps
  2 ufetubi (D:8)
  2 worms
  3 adder skeletons
  6 adder zombies (Ossuary)
  3 dart slugs
  4 giant geckos
  48 orcs
  6 bats
  5 giant cockroaches
  15 goblins
  8 hobgoblins
  6 jackals
  7 kobolds
  A quokka (D:4)
  A ball python (D:4)
  4 giant newts
  4 goblin zombies (Ossuary)
  5 hobgoblin zombies (Ossuary)
  A jackal zombie (D:7)
  A kobold zombie (Ossuary)
  2 orc skeletons (D:8)
  An orc zombie (Ossuary)
  A quokka simulacrum (D:8)
  A quokka skeleton (D:4)
  3 quokka zombies (Ossuary)
  8 rats
  4 rat zombies (Ossuary)
  A toadstool (D:1)
292 creatures vanquished.

Vanquished Creatures (collateral kills)
  Maud (D:10)
  2 orc warriors (D:10)
  A centaur zombie (D:10)
4 creatures vanquished.

Vanquished Creatures (others)
  2 slaves
  Menkaure (D:7)
  An ogre (D:7)
  An orc priest (D:7)
  An orc wizard (D:7)
  An adder skeleton (D:7)
  7 orcs (D:7)
  A giant cockroach (D:8)
  A quokka (D:9)
  3 kobolds (D:9)
  3 plants (D:10)
  3 toadstools (D:1)
25 creatures vanquished.

Grand Total: 321 creatures vanquished

Notes
Turn   | Place    | Note
--------------------------------------------------------------
     0 | D:1      | magog001 the Minotaur Fighter began the quest for the Orb.
     0 | D:1      | Reached XP level 1. HP: 19/19 MP: 0/0
   308 | D:1      | Reached XP level 2. HP: 22/27 MP: 1/1
  1043 | D:2      | Reached XP level 3. HP: 33/33 MP: 2/2
  1152 | D:2      | Found a glowing golden altar of the Shining One.
  1874 | D:2      | Found a shattered altar of Ashenzari.
  1882 | D:2      | Found an ancient bone altar of Kikubaaqudgha.
  1945 | D:2      | Reached XP level 4. HP: 36/40 MP: 3/3
  2108 | D:2      | Gained mutation: You possess an exceptional clarity of mind. [potion of mutation]
  2108 | D:2      | Gained mutation: You expend magic power (3 MP) to strengthen your wands. [potion of mutation]
  2109 | D:2      | Gained mutation: You are partially covered in yellow scales (AC +2). [potion of mutation]
  2109 | D:2      | Gained mutation: You are dopey. (Int -2) [potion of mutation]
  2109 | D:2      | Gained mutation: You are clumsy. (Dex -2) [potion of mutation]
  2294 | D:3      | Reached XP level 5. HP: 33/47 MP: 4/4
  2514 | D:3      | Noticed magog001's ghost (amateur HOFi)
  2859 | D:3      | Killed magog001's ghost
  2859 | D:3      | Reached skill level 5 in Shields
  2859 | D:3      | Reached XP level 6. HP: 29/53 MP: 5/5
  3004 | D:3      | Gained mutation: Your muscles are strong. (Str +2) [potion of mutation]
  3004 | D:3      | Gained mutation: You are frail (-10% HP). [potion of mutation]
  3135 | D:4      | Noticed Robin
  3148 | D:4      | Killed Robin
  3148 | D:4      | Reached skill level 5 in Fighting
  3185 | D:4      | Reached skill level 5 in Armour
  3392 | D:4      | Found Waptesol's Food Shop.
  3410 | D:4      | Reached skill level 1 in Dodging
  3415 | D:4      | Bought a slice of pizza for 16 gold pieces
  3415 | D:4      | Bought a slice of pizza for 16 gold pieces
  3533 | D:4      | Noticed Sigmund
  3539 | D:4      | Killed Sigmund
  3539 | D:4      | Reached skill level 5 in Axes
  3539 | D:4      | Reached XP level 7. HP: 48/54 MP: 6/6
  3600 | D:4      | Noticed Edmund
  3615 | D:4      | Killed Edmund
  3830 | D:5      | Entered Level 5 of the Dungeon
  4601 | D:6      | Got a sparkling marble ring
  4620 | D:6      | Reached XP level 8. HP: 62/63 MP: 7/7
  4850 | D:6      | Identified the ring "Efiff" {-Tele rPois rN+ MP+9 Int+3} (You found it on level 6 of the Dungeon)
  5349 | D:6      | Reached skill level 1 in Stealth
  5466 | D:6      | Lost mutation: Your muscles are strong. (Str +2) [mutagenic meat]
  5467 | D:6      | Gained mutation: Your magical capacity is low (-10% MP). [mutagenic meat]
  5469 | D:6      | Gained mutation: You have a pair of large horns on your head. [mutagenic meat]
  5470 | D:6      | Lost mutation: You expend magic power (3 MP) to strengthen your wands. [mutagenic meat]
  5630 | D:7      | Noticed Prince Ribbit
  5703 | D:7      | Killed Prince Ribbit
  5703 | D:7      | Reached XP level 9. HP: 20/71 MP: 7/7
  6063 | D:7      | Found a staircase to the Ecumenical Temple.
  6073 | Temple   | Entered the Ecumenical Temple
  6087 | Temple   | Became a worshipper of Nemelex Xobeh the Trickster
  6128 | D:7      | Received a gift from Nemelex Xobeh
  6244 | D:7      | Noticed Pikel
  6256 | D:7      | Killed Pikel
  6452 | D:7      | Killed Menkaure
  6484 | D:7      | Noticed Duvessa
  6491 | D:7      | Noticed Dowan
  6492 | D:7      | Killed Duvessa
  6507 | D:7      | Killed Dowan
  7393 | D:8      | Reached skill level 10 in Shields
  7403 | D:8      | Noticed a polar bear
  7424 | D:8      | Killed a polar bear
  7424 | D:8      | Reached XP level 10. HP: 60/81 MP: 8/8
  7539 | D:8      | Found an opulent altar of Gozag.
  7568 | D:8      | Reached * piety under Nemelex Xobeh
  7601 | D:8      | Found a staircase to the Lair.
  7614 | D:8      | Found a sand-covered staircase.
  7627 | Ossuary  | Entered an ossuary
  8263 | D:8      | Lost mutation: You are clumsy. (Dex -2) [potion of cure mutation]
  8263 | D:8      | Lost mutation: You are dopey. (Int -2) [potion of cure mutation]
  8263 | D:8      | Lost mutation: Your magical capacity is low (-10% MP). [potion of cure mutation]
  8263 | D:8      | Lost mutation: You are frail (-10% HP). [potion of cure mutation]
  8263 | D:8      | Lost mutation: You possess an exceptional clarity of mind. [potion of cure mutation]
  8456 | D:8      | Reached skill level 10 in Axes
  9024 | D:8      | Found a glowing silver altar of Zin.
  9025 | D:8      | Found a radiant altar of Vehumet.
  9031 | D:8      | Found a glowing golden altar of the Shining One.
  9033 | D:8      | Found a shadowy altar of Dithmenos.
  9152 | D:9      | Found an oddly glowing altar of Pakellas.
  9251 | D:9      | Noticed Psyche
  9264 | D:9      | Killed Psyche
  9486 | D:9      | Found a burning altar of Makhleb.
  9700 | D:9      | You fall through a shaft for 2 floors!
  9718 | D:11     | Reached ** piety under Nemelex Xobeh
  9759 | D:10     | Entered Level 10 of the Dungeon
  9969 | D:10     | Received a gift from Nemelex Xobeh
 10119 | D:10     | Found a roughly hewn altar of Beogh.
 10119 | D:10     | Found a staircase to the Orcish Mines.
 10601 | D:10     | Noticed a manticore
 10618 | D:10     | Killed a manticore
 10618 | D:10     | Reached XP level 11. HP: 48/99 MP: 10/10
 10845 | D:10     | Noticed Maud
 10882 | D:10     | Killed Maud
 10882 | D:10     | Reached skill level 10 in Fighting
 10882 | D:10     | Reached skill level 1 in Throwing
 10882 | D:10     | Reached skill level 10 in Armour
 10886 | D:10     | Killed from afar by an orc wizard

Skill      XL: |  1  2  3  4  5  6  7  8  9 10 11 |
---------------+----------------------------------+-----
Fighting       | 4 5 6 7 8 9 10 | 10.0
Armour         | 4 5 7 8 9 10 | 10.0
Shields        | 4 5 6 7 8 10 11 | 11.3
Axes           | 3 4 5 6 7 9 11 | 11.4
Dodging        | 1 |  1.2
Stealth        | 1 |  1.5
Throwing       | 1 |  1.0
Evocations     | |  0.5

Action                   |  1- 3 |  4- 6 |  7- 9 | 10-12 || total
-------------------------+-------+-------+-------+-------++-------
Melee: War axe           |    84 |   169 |   278 |   348 ||   879
       Headbutt          |     9 |    25 |    78 |    77 ||   189
Throw: Tomahawk          |       |       |       |    11 ||    11
Evoke: Wand              |       |       |       |     9 ||     9
       Deck              |       |       |       |     4 ||     4
  Use: Potion            |       |     4 |     8 |     7 ||    19
       Scroll            |       |     2 |    12 |     3 ||    17
  Eat: Chunk             |     3 |     2 |    10 |     5 ||    20
       Meat ration       |       |     1 |     1 |     1 ||     3
       Pizza             |       |     2 |       |     1 ||     3
       Royal jelly       |       |       |       |     1 ||     1
Armor: Scale mail        |    58 |     5 |       |       ||    63
       Chain mail        |       |   105 |   132 |   135 ||   372
Dodge: Dodged            |    36 |    36 |    67 |    72 ||   211
Block: Shield            |    61 |    99 |   174 |   171 ||   505
